 Dungeon Crawl Stone Soup version 0.27-a0-1137-g3ef0f4ec91 (webtiles) character file.

Game seed: 8518203479199667385

6279 Mgcat the Thaumaturge (level 10, -12/77 HPs)
             Began as a Djinni Conjurer on May 6, 2021.
             Was a Priest of Makhleb.
             Mangled by Joseph
             ... wielding a +0 quarterstaff
              (13 damage)
             ... on level 8 of the Dungeon.
             The game lasted 00:17:17 (9587 turns).

Mgcat the Thaumaturge (Djinni Conjurer)             Turns: 9587, Time: 00:17:18

Health: -12/77     AC: 10    Str:  9    XL:     10   Next: 94%
Gold:   362        EV: 14    Int: 23    God:    Makhleb [***...] SH:  0 Dex: 20

rFire    + + .     SeeInvis .   a - +6 hand axe "Ifiritut" {holy, rPois Str+3 Dex+3}
rCold    x . .     Faith    .   (no shield)
rNeg     + . .     Spirit   .   B - +0 acid dragon scales
rPois    ∞         Reflect  .   l - +0 helmet of Plog {rN+ Dex+5}
rElec    .         Harm     .   C - +2 cloak {Will+}
rCorr    +         Rampage  .   (no gloves)
Will     ++...                  (boots unavailable)
Stlth    +++.......             (no amulet)
HPRegen  0.22/turn              (no ring)
MPRegen  0.00/turn              (no ring)

@: flying
A: sickness immunity, fire resistance 2, cold vulnerability 1, float, innate
caster, hp casting, extra vitality 1
a: Renounce Religion, Minor Destruction, Lesser Servant of Makhleb


You were on level 8 of the Dungeon.
You worshipped Makhleb.
Makhleb was most pleased with you.
You visited 1 branch of the dungeon, and saw 8 of its levels.
You also visited: Ossuary.

You collected 362 gold pieces.

Inventory:

Hand Weapons
 a - the +6 hand axe "Ifiritut" (weapon) {holy, rPois Str+3 Dex+3}
   (You found it on level 7 of the Dungeon)

   It has been blessed by the Shining One to cause great damage to the undead
   and demons.
   It affects your strength (+3).
   It affects your dexterity (+3).
   It protects you from poison.
Missiles
 r - 5 throwing nets {=f, !d}
Armour
 l - the +0 helmet of Plog (worn) {rN+ Dex+5}
   (You took it off Robin on level 2 of the Dungeon)

   It affects your dexterity (+5).
   It protects you from negative energy.
 B - +0 acid dragon scales (worn)
   (You took it off Maggie on level 7 of the Dungeon)
 C - a +2 cloak of willpower (worn)
   (You took it off Crazy Yiuf on level 7 of the Dungeon)
Wands
 m - a wand of flame (22)
   (You took it off Robin on level 2 of the Dungeon)
 p - a wand of iceblast (14)
   (You found it on level 3 of the Dungeon)
Scrolls
 f - 2 scrolls of fog
 h - a scroll of enchant weapon
 o - a scroll of summoning
 t - a scroll of fear
 y - a scroll of noise {!r}
 A - a scroll of teleportation
Potions
 b - 3 potions of mutation {unknown}
 c - 3 potions of attraction {!q}
 d - a potion of brilliance {unknown}
 g - 2 potions of degeneration {unknown}
 i - 2 potions of might
 n - 10 potions of curing {unknown}
 s - 4 potions of heal wounds {unknown}
 u - a potion of haste {unknown}
 x - a potion of cancellation {unknown}
 z - a potion of ambrosia


   Skills:
 + Level 8.7 Fighting
 + Level 4.9 Dodging
 + Level 4.0 Stealth
 * Level 10.9 Spellcasting


You had 7 spell levels left.
You knew the following spells:

 Your Spells              Type           Power      Damage    Failure   Level
a - Magic Dart            Conj           100%       1d8       1%          1
b - Searing Ray           Conj           100%       3d7       1%          2
c - Dazzling Flash        Conj/Hex       100%       N/A       1%          3
d - Fulminant Prism       Conj/Hex       29%        3d14      1%          4
e - Iskenderun's Mystic   Conj/Tloc      58%        2d12      1%          4
f - Shock                 Conj/Air       100%       1d9       1%          1
g - Slow                  Hex            58%        N/A       1%          2
h - Swiftness             Air            58%        N/A       1%          3
i - Teleport Other        Tloc           58%        N/A       1%          3
Your spell library was empty.

Dungeon Overview and Level Annotations

Branches:
Dungeon (8/15)             Temple (0/1) D:5            Lair (0/6) D:8
Ossuary (visited)

Altars:
Cheibriados
Fedhas
Hepliaklqana
Kikubaaqudgha
Makhleb
Vehumet
Yredelemnul

Annotations:
D:4 3 runed translucent doors, Galthrax's ghost, amateur PaFi; PanSaczeczos's ghost, amateur GrDe; PanSaczeczos's ghost, novice HuWz; kae's ghost, amateur HOFi
D:8 6 exclusions, Joseph


Innate Abilities, Weirdness & Mutations

You are immune to sickness and miasma.
You are immune to poison.
Your flesh is very heat resistant. (rF++)
You are vulnerable to cold. (rC-)
You float through the air rather than walking.
You learn spells naturally, not from books.
Your magical power is your life essence.
You have superior vitality. (+4 HP)


Message History

The searing ray hits the necrophage!
You destroy the necrophage!
Makhleb accepts your kill.
You feel better.
Your Stealth skill increases to level 4!
You regained 2 hp, and now have 73/77 hp.
You finish channeling your searing ray.
You fly downwards.
There is a stone staircase leading up here.
Unknown command.
A cyclops comes into view.
Spoiler Alert: The cyclops (wandering) can throw large rocks!
Unknown command.
Lua error: [string "/dgldir/rcfiles/crawl-git/Mgcat.rc"]:930: invalid capture index Unknown command.
Lua error: [string "/dgldir/rcfiles/crawl-git/Mgcat.rc"]:930: invalid capture index Unknown command.
Lua error: [string "/dgldir/rcfiles/crawl-git/Mgcat.rc"]:930: invalid capture index Unknown command.
Spoiler Alert: The cyclops (wandering) can throw large rocks!
There is a stone staircase leading up here.
You fly upwards.
There is a stone staircase leading down here.
You see here a +0 robe.
HP restored.
You see here a +0 giant club.
There is a stone staircase leading down here.
Health restored: 77 You fly downwards.
There is a stone staircase leading up here.
There is an open door here.
Unknown command.
Found a staircase to the Lair.
Joseph, a Mercenary comes into view.
He is wielding a +0 quarterstaff and wearing a +2 leather armour of cold resistance.
Unknown command.
Casting: Searing Ray (safe; 1% risk of failure)
Confirm with . or Enter, or press ? or * to list all spells.
You can't see any susceptible monsters within range! (Use Z to cast anyway.)
Casting: Searing Ray (safe; 1% risk of failure)
Confirm with . or Enter, or press ? or * to list all spells.
Aiming: Magic Dart (safe; 1% risk of failure)
Press: ? - help, Shift-Dir - straight line, f - Joseph
Aim: Joseph, wielding a +0 quarterstaff, wearing a +2 leather armour of cold resistance and quivering sling bullets (wandering, hasn't noticed you, 100% to hit)
The magic dart hits Joseph.
Joseph is lightly wounded.
Joseph unwields a +0 quarterstaff.
Joseph wields a +0 hunting sling.
Joseph shoots a sling bullet.
The sling bullet hits you!
You take 18 damage, and have 59/77 hp.
MASSIVE DAMAGE!!
You start resting.
Joseph is nearby!
Casting: Magic Dart (safe; 1% risk of failure)
Confirm with . or Enter, or press ? or * to list all spells.
You can't see any susceptible monsters within range! (Use Z to cast anyway.)
You start resting.
Joseph is nearby!
Casting: Magic Dart (safe; 1% risk of failure)
Confirm with . or Enter, or press ? or * to list all spells.
Aiming: Searing Ray (safe; 1% risk of failure)
Press: ? - help, Shift-Dir - straight line, f/p - Joseph
Aim: Joseph, wielding a +0 hunting sling, wearing a +2 leather armour of cold resistance and quivering sling bullets (lightly wounded, 83% to hit)
The searing ray misses Joseph. (Press . to maintain the ray.) Joseph shoots a sling bullet.
The sling bullet hits you!
You take 13 damage, and have 48/77 hp.
The searing ray hits Joseph!
Joseph is moderately wounded.
Joseph shoots a sling bullet.
The sling bullet closely misses you.
You take 1 damage, and have 47/77 hp.
The searing ray hits Joseph!
Joseph is heavily wounded.
Joseph shoots a sling bullet.
The sling bullet hits you!
You take 15 damage, and have 32/77 hp.
The searing ray misses Joseph.
You finish channeling your searing ray.
Joseph shoots a sling bullet.
The sling bullet hits you!
* * * LOW HITPOINT WARNING * * *
You take 17 damage, and have 15/77 hp.
MASSIVE DAMAGE!!
Casting: Searing Ray (safe; 1% risk of failure)
Confirm with . or Enter, or press ? or * to list all spells.
Aiming: Searing Ray (safe; 1% risk of failure)
Press: ? - help, Shift-Dir - straight line, f/p - Joseph
Aim: Joseph, wielding a +0 hunting sling, wearing a +2 leather armour of cold resistance and quivering sling bullets (heavily wounded, 83% to hit)
The searing ray misses Joseph. (Press . to maintain the ray.)
* * * LOW HITPOINT WARNING * * *
You take 2 damage, and have 13/77 hp.
The searing ray hits Joseph!
Joseph is heavily wounded.
* * * LOW HITPOINT WARNING * * *
Joseph unwields a +0 hunting sling.
Joseph wields a +0 quarterstaff.
Joseph hits you with a +0 quarterstaff!
* * * LOW HITPOINT WARNING * * *
You take 11 damage, and have 2/77 hp.
The searing ray hits Joseph!
Joseph is severely wounded.
* * * LOW HITPOINT WARNING * * *
Joseph barely misses you.
You take 1 damage, and have 1/77 hp.
Without enough magic to sustain it, your searing ray dissipates.
Joseph hits you with a +0 quarterstaff!
You die...

#.# #.# #.# #(#
.... #.###.>...
#.........
######@........
#..............
#@########.....
#@##.# ..... #.##.#
.... #.##<# ###
#.##'#######
#...........
#####.##...........
#...#.##...........
#...#.##..^........
#...#.##...........


You could see Joseph.

Vanquished Creatures
  Harold (D:7)
  Pikel (D:7)
  Maggie (D:7)
  A hornet (D:8)
  Prince Ribbit (D:7)
  2 wyverns (D:8)
  4 yaks (D:8)
  A steam dragon (D:7)
  4 water moccasins
  An orc warrior (D:6)
  2 ice beasts (D:6)
  A hornet zombie (D:8)
  3 necrophages
  3 ogres
  A phantom (D:5)
  2 centaurs (D:6)
  3 lemures (D:7)
  2 kobold brigands
  4 scorpions
  A gnoll sergeant (D:6)
  A wyvern skeleton (D:7)
  A water moccasin skeleton (D:5)
  4 wights (D:8)
  A howler monkey (D:4)
  2 bullfrog zombies
  3 centaur zombies
  3 gnoll shamans
  3 orc priests
  2 hounds (D:4)
  A bullfrog skeleton (D:6)
  Crazy Yiuf (D:7)
  Jessica (D:2)
  7 orc wizards
  An iguana (D:5)
  2 killer bee zombies
  A hound skeleton (D:4)
  6 mummies (Ossuary)
  Robin (D:2)
  17 gnolls
  7 adders
  3 white imps (D:6)
  An ufetubus (D:5)
  2 adder skeletons (D:4)
  A worm (D:2)
  2 dart slugs
  25 orcs
  9 endoplasms
  6 giant cockroaches
  13 goblins
  9 hobgoblins
  7 jackals
  A quokka (D:5)
  6 ball pythons
  7 bats
  4 frilled lizards
  6 hobgoblin zombies (Ossuary)
  5 kobolds
  7 rats
218 creatures vanquished.

Vanquished Creatures (others)
  3 fulminant prisms (D:7)
3 creatures vanquished.

Grand Total: 221 creatures vanquished

Notes
Turn   | Place    | Note
-------+----------+-------------------------------------------
     0 | D:1      | Mgcat the Djinni Conjurer began the quest for the Orb.
     0 | D:1      | Reached XP level 1. HP: 15/15 MP: 0/0
   251 | D:1      | Reached XP level 2. HP: 16/22 MP: 0/0
   570 | D:1      | Reached skill level 1 in Fighting
   592 | D:1      | Reached skill level 4 in Spellcasting
   873 | D:2      | Identified the +0 helmet of Plog {rN+ Dex+5}
   873 | D:2      | Noticed Robin
   874 | D:2      | Noticed Jessica
  1025 | D:2      | Reached XP level 3. HP: 10/27 MP: 0/0
  1025 | D:2      | Learned a level 1 spell: Shock
  1333 | D:2      | Reached skill level 2 in Fighting
  1333 | D:2      | Reached XP level 4. HP: 18/33 MP: 0/0
  1666 | D:2      | Killed Robin
  1777 | D:2      | Reached XP level 5. HP: 26/38 MP: 0/0
  1777 | D:2      | Learned a level 2 spell: Slow
  1784 | D:2      | Killed Jessica
  1785 | D:2      | Reached skill level 5 in Spellcasting
  2015 | D:2      | Found a faded altar of an unknown god.
  2532 | D:3      | Reached skill level 3 in Fighting
  2532 | D:3      | Reached XP level 6. HP: 17/46 MP: 0/0
  3112 | D:3      | Found a burning altar of Makhleb.
  3114 | D:3      | Found a snail-covered altar of Cheibriados.
  3116 | D:3      | Found a hazy altar of Hepliaklqana.
  3121 | D:3      | Became a worshipper of Makhleb the Destroyer
  3167 | D:4      | Found a runed translucent gate.
  3167 | D:4      | Found a runed translucent gate.
  3167 | D:4      | Noticed PanSaczeczos's ghost (novice HuWz)
  3168 | D:4      | Found a runed translucent gate.
  3170 | D:4      | Noticed Galthrax's ghost (amateur PaFi)
  3173 | D:4      | Noticed kae's ghost (amateur HOFi)
  3173 | D:4      | Noticed PanSaczeczos's ghost (amateur GrDe)
  3537 | D:4      | Reached skill level 6 in Spellcasting
  3537 | D:4      | Reached XP level 7. HP: 37/51 MP: 0/0
  3537 | D:4      | Learned a level 3 spell: Swiftness
  3644 | D:4      | Reached skill level 4 in Fighting
  4483 | D:5      | Entered Level 5 of the Dungeon
  4483 | D:5      | Found a staircase to the Ecumenical Temple.
  4650 | D:5      | Reached skill level 7 in Spellcasting
  4730 | D:5      | Reached XP level 8. HP: 52/58 MP: 0/0
  4812 | D:5      | Reached * piety under Makhleb
  4945 | D:5      | Reached skill level 5 in Fighting
  5088 | D:5      | Found a blossoming altar of Fedhas.
  5152 | D:5      | Found a basalt altar of Yredelemnul.
  5478 | D:6      | Found a sand-covered staircase.
  5485 | Ossuary  | Entered an ossuary
  5861 | D:6      | Reached skill level 8 in Spellcasting
  6007 | D:6      | Reached skill level 6 in Fighting
  6185 | D:6      | Reached ** piety under Makhleb
  6194 | D:6      | Reached XP level 9. HP: 48/66 MP: 0/0
  6194 | D:6      | Learned a level 3 spell: Teleport Other
  6446 | D:6      | Reached skill level 9 in Spellcasting
  6466 | D:6      | HP: 8/67 [ice beast (13)]
  6469 | D:6      | Reached skill level 7 in Fighting
  7228 | D:7      | Noticed Harold
  7357 | D:7      | Killed Harold
  7358 | D:7      | Reached skill level 3 in Dodging
  7358 | D:7      | Reached skill level 2 in Stealth
  7358 | D:7      | Reached skill level 10 in Spellcasting
  7358 | D:7      | Reached XP level 10. HP: 47/76 MP: 0/0
  7365 | D:7      | Noticed Prince Ribbit
  7617 | D:7      | Killed Prince Ribbit
  7618 | D:7      | Reached skill level 8 in Fighting
  7643 | D:7      | Identified the +6 hand axe "Ifiritut" {holy, rPois Str+3
                  | Dex+3}
  7808 | D:7      | Noticed Pikel
  7816 | D:7      | Killed Pikel
  7817 | D:7      | Reached skill level 3 in Stealth
  7969 | D:7      | Noticed Maggie
  7979 | D:7      | Killed Maggie
  7980 | D:7      | Reached skill level 4 in Dodging
  8043 | D:7      | Found a runed translucent door.
  8044 | D:7      | Noticed Crazy Yiuf
  8132 | D:7      | Reached *** piety under Makhleb
  8525 | D:7      | Killed Crazy Yiuf
  8912 | D:8      | Noticed a seven-headed hydra
  8912 | D:8      | Noticed a kobold demonologist
  8914 | D:8      | Noticed an orange demon
  8914 | D:8      | HP: 14/77 [seven-headed hydra (14)]
  8914 | D:8      | HP: 1/77 [seven-headed hydra (9)]
  9518 | D:7      | Reached skill level 4 in Stealth
  9522 | D:8      | Noticed a cyclops
  9562 | D:8      | Found a staircase to the Lair.
  9566 | D:8      | Noticed Joseph
  9583 | D:8      | HP: 15/77 [Joseph/sling bullet (16)]
  9585 | D:8      | HP: 2/77 [Joseph/+0 quarterstaff (11)]
  9587 | D:8      | Mangled by Joseph

Illustrated notes

Levels and vault maps discovered:
D:1:      saegor_arrival_under_anarchy, layout_loops_ring
D:2:      layout_loops_ring, chequers_ecumenical_altar_island, uniq_robin,
          uniq_jessica
D:3:      layout_rooms, minitemple, serial_glass, glass_columns_b,
          glass_columns_a
D:4:      layout_loops_ring, gammafunk_ghost_cemetery, kennysheep_generic_room_8
D:5:      layout_basic, yredelemnul_altar_generic, fedhas_altar_1,
          minmay_temple_entry_overgrown, minmay_parallelograms
D:6:      minmay_octagon_keep, layout_basic,
          lightli_ossuary_entry_decrepit_ruins, minmay_misc_feat_secret_circle
D:7:      layout_loops_cross, amcnicky_altar_gilded, kennysheep_doodads,
          uniq_maggie, uniq_harold, uniq_pikel, uniq_prince_ribbit1,
          uniq_crazy_yiuf_cottage
D:8:      layout_basic, lemuel_round_altar, lair_entry_dummy,
          minmay_the_grid_2x2 [minmay_the_grid_diamond_grid,
          minmay_the_grid_tiny_cups, minmay_the_grid_embedded,
          minmay_the_grid_prize_trominoes], uniq_joseph

Skill      XL: |  1  2  3  4  5  6  7  8  9 10 |
---------------+-------------------------------+-----
Fighting       | 1 2 3 4 6 7 8 |  8.7
Spellcasting   | 4 5 6 7 8 10 | 10.9
Dodging        | 3 4 |  4.9
Stealth        | 2 4 |  4.0

Action                   |  1- 3 |  4- 6 |  7- 9 | 10-12 || total
-------------------------+-------+-------+-------+-------++-------
 Cast: Magic Dart        |    48 |   135 |   140 |    43 ||   366
       Searing Ray       |     3 |    13 |    61 |    38 ||   115
       Fulminant Prism   |       |       |     2 |     1 ||     3
  Use: Scroll            |       |       |     4 |    10 ||    14
Armor: Robe              |       |     6 |     9 |       ||    15
       Acid dragon scale |       |       |       |    10 ||    10
       Steam dragon scal |       |       |       |     2 ||     2
Dodge: Dodged            |     9 |    22 |    44 |    44 ||   119

Table legend: (Time is in decaauts)
 A = Elapsed time spent in this place.
 B = Non-inter-level travel time spent in this place.
 C = Inter-level travel time spent in this place.
 D = Time resting spent in this place.
 E = Time spent auto-exploring this place.
 F = Levels seen in this place.
 G = Mean time per level.
                   A        B        C        D        E       F      G
               +--------+--------+--------+--------+--------+-----+--------+
         Total |   9595 |   9200 |    395 |   1957 |   5874 |   9 | 1066.1 |
       Dungeon |   9252 |   8857 |    395 |   1775 |   5787 |   8 | 1156.5 |
       Ossuary |    342 |    342 |      0 |    182 |     87 |   1 |  342.0 |
               +--------+--------+--------+--------+--------+-----+--------+

Top non-repeatable levels by time:
     D:7: 1720 daAuts
     D:6: 1666 daAuts
     D:2: 1440 daAuts
     D:4: 1325 daAuts
     D:1: 938 daAuts
     D:5: 902 daAuts
     D:3: 777 daAuts
     D:8: 481 daAuts
 Ossuary: 342 daAuts

Table legend:
 A = Kills in this place as a percentage of kills in entire the game.
 B = Kills by you in this place as a percentage of kills by you in the entire game.
 C = Kills by friends in this place as a percentage of kills by friends in the entire game.
 D = Other kills in this place as a percentage of other kills in the entire game.
 E = Experience gained in this place as a percentage of experience gained in the entire game.
 F = Experience gained in this place divided by the number of levels of this place that you have seen.
                   A       B       C       D       E      F
               +-------+-------+-------+-------+-------+----------------------
         Total | 100.0 | 100.0 |   N/A |   N/A | 100.0 | 996.7
       Dungeon |  93.5 |  93.5 |   N/A |   N/A |  97.7 | 1095.4
       Ossuary |   6.5 |   6.5 |   N/A |   N/A |   2.3 | 207.0
               +-------+-------+-------+-------+-------+----------------------
